 Dungeon Crawl Stone Soup version 0.31.0-11-ge490571c62 (webtiles) character file.

Game seed: 16582618505664556550

47 Peloso the Covered (level 3, -1/33 HPs)
             Began as a Minotaur Fighter on Feb 9, 2024.
             Incinerated by a bombardier beetle (7 damage)
             ... with a burning spray
             ... on level 3 of the Dungeon.
             The game lasted 00:02:09 (1609 turns).

Peloso the Covered (Minotaur Fighter)               Turns: 1609, Time: 00:02:09

Health: -1/33      AC:  9    Str: 20    XL:     3   Next: 48%
Magic:  2/2        EV:  7    Int:  5    God:
Gold:   145        SH:  4    Dex: 11    Spells: 2/2 levels left

rFire   . . .        a - +0 long sword
rCold   . . .        d - +0 buckler
rNeg    . . .        c - +0 chain mail
rPois   .            (helmet restricted)
rElec   .            (no cloak)
rCorr   .            (no gloves)
SInv    .            (no boots)
Will    .....        (no amulet) Stlth
                     (no ring)
HPRegen 0.25/turn    (no ring)
MPRegen 0.08/turn

%: no passive effects
@: on fire, glowing
A: horns 2, retaliatory headbutt
a: no special abilities


You were on level 3 of the Dungeon.
You visited 1 branch of the dungeon, and saw 3 of its levels.

You collected 145 gold pieces.

Inventory:

Hand Weapons
 a - a +0 long sword (weapon)
Armour
 b - a +0 scale mail
 c - a +0 chain mail (worn)
 d - a +0 buckler (worn)
Jewellery
 f - a ring of fire
 n - a +6 ring of intelligence
Scrolls
 e - a scroll of amnesia
 g - a scroll of revelation {unknown}
 h - 2 scrolls of blinking {unknown}
 j - a scroll of identify {unknown}
 l - 2 scrolls of teleportation {unknown}
 m - a scroll of enchant armour {unknown}
Potions
 i - a potion of heal wounds {unknown}
 k - 3 potions of might


   Skills:
 + Level 4.1 Fighting
 + Level 3.2 Long Blades
 + Level 4.4 Armour
 + Level 3.9 Shields


You had 2 spell levels left.
You didn't know any spells.
Your spell library contained the following spells:

 Spells                   Type           Power      Damage    Failure   Level
 Freeze                   Ice            0%         1d3       99%         1
 Blink                    Tloc           0%         N/A       100%        2
 Lesser Beckoning         Tloc           0%         N/A       100%        2
 Momentum Strike          Conj/Tloc      0%         3d8       100%        2
 Frozen Ramparts          Ice            0%         1d1       100%        3
 Hailstorm                Conj/Ice       0%         3d5       100%        3


Dungeon Overview and Level Annotations

Branches:
Dungeon (3/15)

Altars:
Ashenzari
Wu Jian

Shops:
D:3 !


Innate Abilities, Weirdness & Mutations

You have a pair of horns on your head.
You reflexively headbutt those who attack you in melee.


Message History

You shake off the liquid fire.
The bombardier beetle bites you but does no damage.
You hit the bombardier beetle.
The bombardier beetle is moderately wounded.
The bombardier beetle completely misses you.
You hit the bombardier beetle but do no damage.
The bombardier beetle is moderately wounded.
You hit the bombardier beetle. You headbutt the bombardier beetle.
The bombardier beetle is severely wounded.
The bombardier beetle sprays incendiary fluid at you.
The burning spray hits you.
You are covered in liquid fire!
You barely miss the bombardier beetle.
Your headbutt misses the bombardier beetle.
The bombardier beetle is severely wounded.
The liquid fire burns you! The bombardier beetle bites you.
You hit the bombardier beetle.
The bombardier beetle is almost dead.
The liquid fire burns you!
The bombardier beetle sprays incendiary fluid at you.
The burning spray hits you.
You are even more covered in liquid fire!
You barely miss the bombardier beetle. You headbutt the bombardier beetle.
The bombardier beetle is almost dead.
The liquid fire burns you!
You block the bombardier beetle's attack.
You barely miss the bombardier beetle.
The bombardier beetle is almost dead.
The liquid fire burns you!
* * * LOW HITPOINT WARNING * * *
You hit the bombardier beetle but do no damage.
The bombardier beetle is almost dead.
The liquid fire burns you!
* * * LOW HITPOINT WARNING * * *
The bombardier beetle bites you but does no damage.
You barely miss the bombardier beetle.
The bombardier beetle is almost dead.
The liquid fire burns you!
You die...

###........#.#
.......<.#.#.#
.......#.#.#.#
####.###.#.#.# ### #######
...........#.# #.. .......
.########..#.# #.# .......
.............# #.# ..≈≈≈≈≈
...........#.###.###.≈≈≈≈≈≈
∩..........#..†.@B...≈≈_...
...........#.###.##..≈≈≈≈≈≈
...........#.# #.#....≈≈≈≈≈
.............. ..>.#.......
.###############... ......#
.# ########.#.# .# .# # ##
#


You could see a bombardier beetle.

Vanquished Creatures
  An adder (D:3)
  2 ribbon worms
  An orc (D:3)
  2 endoplasms (D:1)
  A giant cockroach (D:2)
  4 goblins (D:1)
  3 hobgoblins
  2 quokkas (D:2)
  6 ball pythons
  3 bats
  A frilled lizard (D:1)
  3 kobolds (D:2)
  4 rats
33 creatures vanquished.

Notes
Turn   | Place    | Note
-------+----------+-------------------------------------------
     0 | D:1      | Peloso the Minotaur Fighter began the quest for the Orb.
     0 | D:1      | Reached XP level 1. HP: 19/19 MP: 0/0
   234 | D:1      | Found a faded altar of an unknown god.
   316 | D:1      | Reached XP level 2. HP: 27/27 MP: 1/1
   848 | D:2      | Found a broken altar of Ashenzari.
  1047 | D:2      | Reached XP level 3. HP: 25/33 MP: 2/2
  1310 | D:3      | Found Apydd's Distillery.
  1586 | D:3      | Found an ornate altar of the Wu Jian Council.
  1609 | D:3      | Incinerated by a bombardier beetle

Illustrated notes

Levels and vault maps discovered:
D:1:      lemuel_arrival_hallway, layout_loops_cross,
          shapermc_ecumenical_altar_venn
D:2:      layout_rooms, basic_altar
D:3:      layout_basic, mainiacjoe_overflow_catwalk, serial_shops, shop

Skill      XL: |  1  2 |
---------------+-------+-----
Armour         | 4 |  4.4
Fighting       | 4 |  4.1
Long Blades    | 3 |  3.2
Shields        | |  3.9

Action                     || total
---------------------------++-------
  Melee: Long sword        ||    82
         Headbutt          ||    12
    Use: Potion            ||     2
         Scroll            ||     1
 Armour: Scale mail        ||    15
         Chain mail        ||    44
  Dodge: Dodged            ||    25
  Block: Buckler           ||    13
